Map: Prion Terraces

Players

Miltreta - Winner!

  • Race: Terran Terran

RajaDahKing

  • Race: Zerg Zerg
  • League: Bronze

VOD

Have the link to the VOD?

Description

Time

  • Played on: March 9, 2016, 9:49 p.m.
  • Length: 21:18
Show
View Real Time Build Order
Export as new Build Order

Miltreta Terran - Winner!

Build Orders: Reaper Expand 

Get SALT Encoding   

  12  0:01  SCV  
  13  0:13  SCV  
  14  0:22  Supply Depot  
  14  0:25  SCV  
  15  0:31  Refinery  
  15  0:51  Barracks  
  15  0:56  SCV  
  16  0:57  Supply Depot  
  16  1:09  SCV  
  17  1:37  Command Center  
  17  1:41  SCV  
  18  1:59  Reaper  
  19  2:07  Orbital Command  
  19  2:37  Barracks  
  19  2:43  Engineering Bay  
  19  2:48  Engineering Bay  
  19  2:56  Refinery  
  19  3:04  Barracks Tech Lab  
  19  3:37  Marine  
  20  3:55  Marine  
  21  4:05  SCV  
  22  4:11  SCV  
  22  4:13  Marine  
  24  4:18  SCV  
  24  4:20  Barracks Tech Lab, Supply Depot  
  24  4:23  SCV  
  26  4:32  Factory  
  25  4:39  Missile Turret  
  25  4:55  Supply Depot  
  25  4:56  Orbital Command  
  25  5:04  SCV  
  26  5:10  Terran Infantry Weapons Level 1, Terran Infantry Armor Level 1  
  26  5:13  Combat Shields, Concussive Shells  
  26  5:17  SCV  
  27  5:29  Factory Tech Lab  
  27  5:32  Starport  
  26  5:37  Marine x2  
  23  5:54  Marine  
  23  5:55  Marine  
  23  6:12  Marine x2  
  24  6:22  Medivac  
  24  6:24  Hellion  
  28  6:30  Marine x2  
  30  6:45  Hellion  
  28  6:48  Marine  
  28  6:54  Liberator  
  28  7:04  Marauder  
  28  7:06  Marauder  
  28  7:07  Hellion  
  37  7:25  Marauder  
  37  7:27  Barracks  
  39  7:30  Missile Turret  
  39  7:37  Liberator  
  39  7:43  Siege Tank  
  42  7:55  Stimpack  
  45  8:07  Missile Turret  
  45  8:14  Marauder x2  
  45  8:15  Siege Tank  
  52  8:36  Marauder  
  52  8:40  Marauder  
  54  9:03  Supply Depot  
  54  9:05  Supply Depot  
  54  9:09  Marine x2, Hellion  
  58  9:27  Marine  
  58  9:31  Hellion  
  61  9:47  Marine  
  61  9:48  Marine  
  61  9:52  Hellion  
  65  10:05  Marine  
  65  10:06  Marine  
  67  10:14  Orbital Command, Hellion  
  69  10:23  Marauder  
  71  10:34  Widow Mine  
  73  10:42  Bunker  
  73  11:21  Marine, Refinery  
  73  11:22  Marine  
  73  11:24  Medivac  
  77  11:31  Widow Mine  
  79  11:39  Marine x2  
  81  11:54  Medivac  
  81  11:57  Marine x2  
  81  12:00  Widow Mine  
  67  12:24  Medivac  
  67  12:28  Widow Mine  
  46  12:54  Medivac  
  46  12:57  Widow Mine  
  45  13:04  Marine  
  45  13:05  Marine  
  47  13:15  Barracks Reactor  
  47  13:22  Marine x2  
  47  13:24  Viking  
  47  13:25  Barracks  
  47  13:26  Cyclone  
  54  13:29  Armory  
  54  13:32  Supply Depot  
  54  13:37  Supply Depot  
  54  13:40  Marine x2  
  56  13:54  Viking  
  58  13:57  Missile Turret  
  58  13:58  Cyclone  
  61  14:24  Medivac  
  61  14:26  Marine  
  61  14:29  Marine  
  65  14:31  Barracks Reactor  
  65  14:33  Marine x2  
  65  14:38  Command Center  
  67  14:47  SCV  
  68  14:54  Medivac  
  68  14:59  SCV  
  71  15:11  SCV  
  72  15:47  Marine x4  
  72  15:48  Marine  
  56  16:19  Marine  
  56  16:20  Marine x3  
  56  16:21  Marauder x2  
  56  16:23  Siege Tank  
  67  16:43  Marauder x2  
  67  16:46  Marine  
  67  16:47  Marine x3  
  72  16:55  Siege Tank  
  64  17:28  Siege Tank  
  65  17:44  Planetary Fortress  
  65  17:48  SCV  
  66  18:00  SCV, Hellbat  
  66  18:03  Refinery  
  69  18:07  Medivac  
  69  18:09  Marine  
  69  18:10  Marine  
  69  18:11  Marine x2  
  69  18:12  Marauder  
  79  18:13  Marauder, SCV  
  79  18:17  Terran Infantry Weapons Level 2  
  80  18:21  Hellbat  
  82  18:27  Marine, Refinery  
  82  18:28  Marine  
  82  18:29  SCV  
  82  18:33  Marauder  
  89  18:34  Marauder  
  89  18:37  Medivac  
  91  18:43  Hellbat  
  93  19:04  Hellbat  
  93  19:07  Medivac  
  97  19:25  Thor  
  103  19:35  Refinery  
  103  19:50  Marine x3  
  103  19:51  Marine x3  
  109  20:08  Thor  
Show
View Real Time Build Order
Export as new Build Order

RajaDahKing Zerg 

Build Orders: Pool First 

Get SALT Encoding   

  12  0:06  Extractor  
  11  0:08  Drone  
  11  0:14  Drone  
  13  0:17  Drone  
  14  0:42  Spawning Pool  
  13  0:44  Drone  
  14  0:50  Overlord  
  14  1:08  Drone  
  14  1:09  Drone x2  
  17  1:28  Drone  
  17  1:30  Metabolic Boost  
  18  1:37  Roach Warren  
  18  1:40  Drone  
  18  1:47  Queen  
  20  1:57  Drone x2  
  22  2:04  Overlord  
  22  2:35  Drone x2  
  24  2:43  Hatchery  
  23  3:08  Hatchery  
  22  3:13  Extractor  
  21  3:22  Baneling Nest  
  21  3:23  Drone  
  21  3:24  Drone x2  
  24  3:34  Zergling x4  
  25  4:25  Zergling x6  
  25  4:27  Queen  
  30  4:32  Queen  
  31  4:55  Lair  
  31  5:04  Burrow  
  31  5:06  Roach  
  33  5:07  Pneumatized Carapace  
  33  5:08  Overlord x3  
  33  5:18  Drone  
  33  6:01  Zergling x2  
  33  6:02  Zergling x22  
  41  6:41  Spire  
  36  7:34  Zergling x12  
  36  7:36  Ravager  
  42  7:44  Drone x5  
  44  7:45  Drone x4  
  51  8:12  Extractor  
  51  8:14  Extractor  
  51  8:17  Drone x2  
  51  8:18  Drone  
  51  8:19  Roach  
  56  8:20  Overlord, Roach  
  42  9:05  Roach  
  42  9:06  Roach x8  
  56  9:30  Drone x4  
  60  9:51  Mutalisk x2  
  60  9:52  Mutalisk  
  66  10:27  Extractor  
  65  10:34  Overlord  
  65  10:35  Overlord x3  
  64  10:36  Overlord x2  
  64  10:55  Extractor  
  63  10:59  Drone x6  
  69  11:05  Mutalisk x7  
  69  11:08  Roach x2  
  69  11:09  Roach  
  89  11:11  Roach  
  89  11:17  Queen  
  93  11:23  Infestation Pit  
  96  11:54  Ravager x5  
  96  11:55  Ravager  
  45  13:10  Mutalisk  
  45  13:11  Mutalisk x8  
  61  13:41  Neural Parasite  
  61  13:50  Hatchery  
  78  14:54  Queen  
  78  14:57  Queen  
  82  15:04  Zerg Flyer Weapons Level 1  
  82  15:30  Queen  
  82  15:33  Queen  
  82  16:05  Queen  
  82  16:08  Queen  
  74  16:19  Overseer  
  68  16:35  Zergling x2  
  68  16:36  Zergling x22  
  68  16:37  Roach  
  68  16:38  Roach x2  
  57  17:39  Mutalisk  
  57  17:40  Mutalisk x5  
  69  18:53  Hatchery  
  68  19:07  Hatchery  
  67  19:35  Overseer x3  
  34  20:36  Roach x12  
Tags
 
Add a new tag
Caveats
  • Supply blocks, unpowered buildings, or Contaminate may cause inaccurate times.
  • Supply counts are checked every 10 seconds.